 Dungeon Crawl Stone Soup version 0.22-a0-348-gd16d1391c7 (webtiles) character file.

1141 Manul the Ruffian (level 8, -4/66 HPs)
             Began as a Ghoul Fighter on Apr 8, 2018.
             Was a Believer of Qazlal.
             Slain by an orc warrior
             ... wielding a +2 morningstar of protection
              (21 damage)
             ... on level 5 of the Dungeon.
             The game lasted 00:04:52 (4530 turns).

Manul the Ruffian (Ghoul Fighter)                   Turns: 4530, Time: 00:04:52

Health: -4/66      AC: 12    Str: 21    XL:     8   Next: 37%
Magic:  7/7        EV:  8    Int:  4    God:    Qazlal [**....]
Gold:   249        SH: 12    Dex:  8    Spells: 7/7 levels left

rFire    . . .     SeeInvis .     - Unarmed
rCold    + . .     Gourm    .   b - +0 shield
rNeg     + + +     Faith    .   a - +0 scale mail
rPois    ∞         Spirit   .   h - +0 helmet
rElec    .         Reflect  .   (no cloak)
rCorr    .         Harm     .   (no gloves)
MR       .....                  (no boots)
Stlth    ..........             (no amulet)
HPRegen  0.00/turn              t - +4 ring of protection
MPRegen  0.10/turn              (no ring)

@: rotting
A: rotting body, claws 1, carnivore, cold resistance 1, negative energy
resistance 3, inhibited regeneration, torment resistance, unbreathing
a: Upheaval, Renounce Religion


You were on level 5 of the Dungeon.
You worshipped Qazlal.
Qazlal was pleased with you.
You were not hungry.

You visited 1 branch of the dungeon, and saw 6 of its levels.

You collected 249 gold pieces.

Inventory:

Missiles
 j - 2 throwing nets (quivered)
Armour
 a - a +0 scale mail (worn)
 b - a +0 shield (worn)
 h - a +0 helmet (worn)
Jewellery
 t - a +4 ring of protection (left claw)
Scrolls
 e - 2 scrolls of identify
 i - a scroll of enchant armour {unknown}
 m - a scroll of blinking {unknown}
 n - 3 scrolls of teleportation {unknown}
 o - 2 scrolls of noise {unknown}
 q - 3 scrolls of fog {unknown}
 r - a scroll of remove curse {unknown}
Potions
 c - a potion of might
 g - 5 potions of curing
 k - a potion of berserk rage {unknown}
 l - 5 potions of haste
 p - 2 potions of lignification {unknown}
 s - 2 potions of ambrosia
 u - 3 potions of flight {unknown}
Comestibles
 d - 9 rations
 f - 7 chunks of flesh


   Skills:
 + Level 4.0 Fighting
 + Level 4.6 Armour
 + Level 2.1 Dodging
 + Level 4.6 Shields
 + Level 7.7 Unarmed Combat


You had 7 spell levels left.
You didn't know any spells.

Dungeon Overview and Level Annotations

Branches:
Dungeon (6/15)             Temple (0/1) D:4

Altars:
Elyvilon
Fedhas
Hepliaklqana
Makhleb
Qazlal
Wu Jian
Zin


Innate Abilities, Weirdness & Mutations

Your body is rotting away.
You thrive on raw meat.
You are immune to poison.
You have sharp fingernails.
You are carnivorous and can eat meat at any time.
Your flesh is cold resistant. (rC+)
You are immune to negative energy. (rN+++)
You do not regenerate when monsters are visible.
You are immune to unholy pain and torment.
You can survive without breathing.


Message History

You are too injured to fight recklessly!
You are too injured to fight recklessly!
You are too injured to fight recklessly!
You are too injured to fight recklessly!
You are too injured to fight recklessly!
You are too injured to fight recklessly!
You are too injured to fight recklessly!
You are too injured to fight recklessly!
You are too injured to fight recklessly!
You barely miss the orc warrior. You barely miss the orc warrior.
You block the orc warrior's attack.
You barely miss the orc warrior.
The orc warrior hits you with a morningstar of protection!
* * * LOW HITPOINT WARNING * * *
You scratch the orc warrior.
The orc warrior is lightly wounded.
You barely miss the orc warrior.
The orc warrior is lightly wounded.
The orc warrior hits you with a morningstar of protection!!
You die...

#.##..........##.# ##.#
#.#............#.###..####
##.#.####.................#
.#.#.# #.......#.#######.#
.#.#.####......##.# #.#
.#...........#.##.# #.#
.......##.........# #.#
.##............#.[# #.#
####.#######.#.§@.# #.#
#...........§.o#######.#
#########.#............#
#.##.......#.### ###
#.###.######.#
##.######.##...#####.#
##.#..................#
##.###.####.##...#######
#.## ##.........##


You could see an orc warrior.

Vanquished Creatures
  Prince Ribbit (D:5)
  Menkaure (D:4)
  An orc warrior (D:5)
  A howler monkey (D:4)
  2 jellies (D:5)
  4 orc priests
  3 hounds
  4 orc wizards (D:5)
  An iguana (D:5)
  A worker ant (D:4)
  Robin (D:4)
  10 adders
  An adder zombie (D:5)
  3 adder skeletons
  6 worms
  3 dart slugs
  3 leopard geckos
  17 orcs
  A ball python (D:3)
  A giant cockroach (D:3)
  14 goblins
  13 hobgoblins
  8 jackals
  10 kobolds
  A quokka (D:5)
  5 bats
  4 frilled lizards
  14 rats
134 creatures vanquished.

Notes
Turn   | Place    | Note
-------+----------+-------------------------------------------
     0 | D:1      | Manul the Ghoul Fighter began the quest for the Orb.
     0 | D:1      | Reached XP level 1. HP: 19/19 MP: 0/0
    74 | D:1      | Reached XP level 2. HP: 13/26 MP: 1/1
   604 | D:1      | Reached XP level 3. HP: 30/31 MP: 2/2
  1344 | D:2      | Reached skill level 3 in Unarmed Combat
  1344 | D:2      | Reached XP level 4. HP: 37/39 MP: 3/3
  1420 | D:2      | Found a burning altar of Makhleb.
  1420 | D:2      | Found a glowing silver altar of Zin.
  1421 | D:2      | Noticed an angel
  1421 | D:2      | Noticed an Executioner
  1452 | D:2      | Found a stormy altar of Qazlal.
  1497 | D:2      | Became a worshipper of Qazlal Stormbringer
  2093 | D:3      | Reached XP level 5. HP: 45/46 MP: 4/4
  2218 | D:3      | Reached * piety under Qazlal
  2415 | D:3      | Reached skill level 4 in Unarmed Combat
  2763 | D:3      | Found an ornate altar of the Wu Jian Council.
  2773 | D:3      | Found a hazy altar of Hepliaklqana.
  2781 | D:3      | Found a white marble altar of Elyvilon.
  2796 | D:3      | Found a blossoming altar of Fedhas.
  3054 | D:4      | Reached XP level 6. HP: 44/52 MP: 5/5
  3063 | D:4      | Noticed a sky beast
  3278 | D:4      | Found a staircase to the Ecumenical Temple.
  3283 | D:4      | Noticed Menkaure
  3291 | D:4      | Killed Menkaure
  3291 | D:4      | Reached skill level 1 in Dodging
  3291 | D:4      | Reached skill level 5 in Unarmed Combat
  3394 | D:4      | Noticed Robin
  3406 | D:4      | Reached ** piety under Qazlal
  3406 | D:4      | Reached XP level 7. HP: 46/59 MP: 6/6
  3424 | D:4      | Killed Robin
  3844 | D:5      | Entered Level 5 of the Dungeon
  3884 | D:5      | Reached skill level 6 in Unarmed Combat
  3922 | D:5      | Noticed Prince Ribbit
  3980 | D:5      | Killed Prince Ribbit
  4122 | D:5      | Reached XP level 8. HP: 52/66 MP: 7/7
  4160 | D:5      | Reached skill level 7 in Unarmed Combat
  4530 | D:5      | Slain by an orc warrior

Vault maps used:
D:1:      dpeg_arrival_erosion, palyth_stone_intersect, minmay_misc_feat_five
D:2:      grunt_temple_overflow_order_and_chaos_2,
          nicolae_overflow_crystal_walls
D:3:      grunt_temple_overflow_cloverleaf, kennysheep_decorative_pillar
D:4:      minmay_temple_entry_enclosed_plants, first_ration, uniq_robin,
          uniq_menkaure
D:5:      uniq_prince_ribbit1
D:6:      overflow_temple_1_default, dk_vineyard_2

Skill      XL: |  1  2  3  4  5  6  7  8 |
---------------+-------------------------+-----
Shields        | 3 4 |  4.6
Armour         | 3 4 |  4.6
Unarmed Combat | 3 4 5 6 7 |  7.7
Fighting       | 4 |  4.0
Dodging        | 1 2 |  2.1

Action                   |  1- 3 |  4- 6 |  7- 9 || total
-------------------------+-------+-------+-------++-------
Melee: Unarmed           |   145 |   246 |   161 ||   552
  Use: Scroll            |       |     5 |       ||     5
  Eat: Chunk             |     2 |     7 |     3 ||    12
Armor: Scale mail        |    69 |    82 |    51 ||   202
Dodge: Dodged            |    35 |    57 |    24 ||   116
Block: Shield            |    60 |   120 |    73 ||   253

Table legend:
 A = Spawn XP
 B = Non-spawn XP
 C = Spawn XP percentage of total XP
 D = Spawn monster count
 E = Non-spawn monster count
 F = Spawn count percentage of total count
 G = Total turns spent on level
                    A         B        C        D         E        F      G
               +---------+---------+-------+---------+---------+-------+---------
         Total |       0 |    1630 |   0.0 |       0 |     134 |   0.0 |  4530
               +---------+---------+-------+---------+---------+-------+---------
           D:1 |       0 |      69 |   0.0 |       0 |      34 |   0.0 |  1314
           D:2 |       0 |      93 |   0.0 |       0 |      21 |   0.0 |   769
           D:3 |       0 |     110 |   0.0 |       0 |      30 |   0.0 |   909
           D:4 |       0 |     522 |   0.0 |       0 |      26 |   0.0 |   852
           D:5 |       0 |     836 |   0.0 |       0 |      23 |   0.0 |   680
               +---------+---------+-------+---------+---------+-------+---------
